 Dungeon Crawl Stone Soup version 0.21-a0-142-gdd972a7 (webtiles) character file.

101084 drasked the Spry (level 15, -4/84 HPs)
             Began as a Spriggan Wizard on July 24, 2017.
             Was a High Priest of Ashenzari.
             Killed from afar by a thorn hunter (45 damage)
             ... with a volley of thorns
             ... on level 1 of the Swamp.
             The game lasted 02:55:30 (31958 turns).

drasked the Spry (Spriggan Wizard)                 Turns: 31958, Time: 02:55:31

Health: -4/84      AC:  7    Str:  8    XL:     15   Next: 82%
Magic:  22/30      EV: 31    Int: 26    God:    Ashenzari [*****.]
Gold:   543        SH:  9    Dex: 15    Spells: 4/34 levels left

rFire    + . .     SeeInvis +   O - +10 rapier "Ratiog" {flame, rC+ Str+5} (curse)
rCold    + + .     Gourm    .   N - +2 buckler (curse)
rNeg     + + +     Faith    .   C - +2 robe {rC+ rF+}
rPois    +         Spirit   .   p - +2 hat (curse)
rElec    +         Reflect  .   F - +0 cloak
rCorr    .         Harm     .   (gloves unavailable)
MR       ++...     Clarity  +   (boots unavailable)
Stlth    +++.......             J - amulet "Elijazou" {RegenMP *Corrode rElec rN+++} (curse)
HPRegen  0.24/turn              j - ring of poison resistance (curse) {rPois, !d}
MPRegen  0.47/turn              K - +4 ring of slaying (curse)

@: slow
A: unfitting armour, see invisible, herbivore 3, speed 3, slow metabolism 2
a: Curse Item, Scrying, Transfer Knowledge, Renounce Religion


You were on level 1 of the Swamp.
You worshipped Ashenzari.
Ashenzari was extremely pleased with you.
You were very full.

You visited 5 branches of the dungeon, and saw 25 of its levels.
You also visited: Sewer, Bailey and Ice Cave.

You collected 2107 gold pieces.
You spent 1564 gold pieces at shops.

Inventory:

Hand Weapons
 O - the cursed +10 rapier "Ratiog" (weapon) {flame, rC+ Str+5}
   (You took it off an orc wizard on level 9 of the Dungeon)

   It has been specially enchanted to burn those struck by it, causing extra
   injury to most foes and up to half again as much damage against particularly
   susceptible opponents.
   It affects your strength (+5).
   It protects you from cold.
   It has a curse placed upon it.
Armour
 p - a cursed +2 hat (worn)
   (You found it on level 9 of the Dungeon)
 C - a +2 robe of resistance (worn)
   (You took it off an orc wizard on level 2 of the Orcish Mines)
 F - a +0 cloak (worn)
   (You bought it in a shop on level 5 of the Dungeon)
 N - a cursed +2 buckler (worn)
   (You found it on level 12 of the Dungeon)
Jewellery
 f - the cursed ring of Vyugiugogg {rF- rC++ rN+}
   (You acquired it on level 13 of the Dungeon)

   [ring of positive energy]

   It makes you vulnerable to fire.
   It greatly protects you from cold.
   It protects you from negative energy.
   It has a curse placed upon it.
 j - a cursed ring of poison resistance (left hand) {rPois, !d}
   (You took it off a hobgoblin on level 1 of the Dungeon)
 J - the cursed amulet "Elijazou" (around neck) {RegenMP *Corrode rElec rN+++}
   (You took it off a deep elf mage on level 9 of the Dungeon)

   [amulet of magic regeneration]

   It increases your magic regeneration.
   It insulates you from electricity.
   It renders you almost immune to negative energy.
   It may corrode you when you take damage.
   It has a curse placed upon it.
 K - a cursed +4 ring of slaying (right hand)
   (You found it on level 6 of the Dungeon)
Wands
 y - a wand of lightning (8/15)
   (You found it on level 1 of the Lair of Beasts)
 B - a wand of paralysis (21/24)
   (You found it on level 4 of the Dungeon)
 P - a wand of digging (8/24)
   (You found it on level 15 of the Dungeon)
 V - a wand of iceblast (7/15)
   (You took it off Joseph on level 10 of the Dungeon)
Scrolls
 a - a scroll of noise {unknown}
 b - 4 scrolls of enchant weapon
 i - 7 scrolls of fog
 l - 2 scrolls of blinking {!r}
 r - a scroll of remove curse
 t - 3 scrolls of enchant armour
 w - 13 scrolls of teleportation
 E - 3 scrolls of identify
 G - a scroll of vulnerability {unknown}
 I - 6 scrolls of recharging
 L - 2 scrolls of magic mapping {!r}
Potions
 c - 2 potions of might
 e - 19 potions of curing
 g - 4 potions of invisibility
 m - 8 potions of heal wounds
 n - 4 potions of agility
 o - 3 potions of resistance
 s - 5 potions of lignification {!q}
 v - 3 potions of berserk rage {!q}
 z - 3 potions of cancellation
 A - 8 potions of brilliance
 H - a potion of degeneration {!q}
 M - a potion of haste
Books
 h - a book of Burglary
   (You bought it in a shop on level 2 of the Orcish Mines)
 q - a book of Maledictions
   (You bought it in a shop on level 2 of the Orcish Mines)
 Q - a book of Cantrips
   (You found it on level 15 of the Dungeon)
Miscellaneous
 u - a crystal ball of energy
   (You found it on level 6 of the Lair of Beasts)
 x - a lamp of fire
   (You found it on level 14 of the Dungeon)
Comestibles
 d - 11 bread rations {@e1}
 k - 12 royal jellies


   Skills:
 + Level 11.7 Fighting
 - Level 12.1(15.8) Short Blades
 + Level 16.6 Dodging
 - Level 15.6 Stealth
 - Level 4.0(6.4) Shields
 - Level 10.2 Spellcasting
 - Level 6.3(10.3) Conjurations
 - Level 9.7(13.5) Hexes
   Level 0.7(2.6) Summonings
 - Level 1.5(4.2) Translocations
 - Level 3.6(7.2) Air Magic
 - Level 4.0(7.7) Poison Magic


You had 4 spell levels left.
You knew the following spells:

 Your Spells              Type           Power        Failure   Level  Hunger
a - Magic Dart            Conj           ####         1%          1    None
b - Blink                 Tloc           N/A          1%          2    None
c - Conjure Flame         Conj/Fire      #####...     1%          3    None
d - Confuse               Hex            ######..     1%          3    None
e - Invisibility          Hex            ######..     2%          6    #####..
f - Ensorcelled Hibernat  Hex/Ice        #####.       1%          2    None
g - Passage of Golubria   Tloc           N/A          9%          4    None
h - Darkness              Hex            ######....   2%          6    #####..
x - Mephitic Cloud        Conj/Pois/Air  ######..     1%          3    None


Dungeon Overview and Level Annotations

Branches:
Dungeon (15/15)            Temple (1/1) D:7            Lair (6/6) D:10
  Swamp (1/4) Lair:3       Spider (0/4) Lair:2        Slime (0/5) Lair:6
    Orc (2/2) D:10            Elf (0/3) Orc:2        Vaults (0/5) D:14
 Depths (0/5) D:15

Altars:
Ashenzari
Cheibriados
Dithmenos
Elyvilon
Fedhas
Gozag
Hepliaklqana
Kikubaaqudgha
Makhleb
Nemelex Xobeh
Okawaru
Qazlal
Ru
Sif Muna
Trog
Uskayaw
Vehumet
Wu Jian
Xom
Yredelemnul
Zin
The Shining One
Beogh

Shops:
D:5 !([   Orc:2 :([*

Annotations:
D:6 Edmund
Lair:2 Urug


Innate Abilities, Weirdness & Mutations

You are very small and have problems with some larger weapons.
You are too small for most types of armour.
You have supernaturally acute eyesight. (SInv)
You are a herbivore.
You cover ground extremely quickly.
You need consume almost no food.


Message History

Where to? (Enter - D:14 @ (x,y), ? - help)
What level of the Swamp? (default 1, ? - help)
You are starting to lose your buoyancy.
You see here an uncursed ring mail.
There is an open door here.
You float gracefully downwards.
There is a stone staircase leading up here.
You climb upwards.
There is a stone staircase leading down here.
There is a stone staircase leading up here.
You climb upwards.
There is a stone staircase leading down here.
You see here 16 sling bullets.
There is a stone staircase leading up here.
You climb upwards.
There is a stone staircase leading down here.
You open the door.
There is an open door here.
There is a stone staircase leading up here.
You climb upwards.
There is a stone staircase leading down here.
Things that are here:
a cursed -1 robe; a +0 dagger
There is a stone staircase leading up here.
You climb upwards.
There is a stone staircase leading down here.
You enter the shallow water.
Moving in this stuff is going to be slow.
There is a staircase to the Lair here.
You climb downwards.
Welcome back to the Lair of Beasts!
There is a staircase back to the Dungeon here.
There is a stone staircase leading down here.
You climb downwards.
Level annotation: Urug
There is a stone staircase leading up here.
There is an open door here.
There is a stone staircase leading down here.
You climb downwards.
There is a stone staircase leading up here.
You enter the shallow water.
Moving in this stuff is going to be slow.
There is a staircase to the Swamp here.
You climb downwards.
Welcome to the Swamp!
This branch contains the decaying rune of Zot.
There is a staircase back to the Lair here.
Unknown command.
A bog body comes into view.
You see here a potion of ambrosia.
Found a stone staircase leading down.
You enter the shallow water.
Moving in this stuff is going to be slow.
A thorn hunter comes into view.
You enter the shallow water.
Moving in this stuff is going to be slow.
Your unstable footing causes you to fumble your attack.
You block the bog body's attack. The bog body barely misses you.
The ball explodes into a vile cloud!
The stinking cloud engulfs you!
The stinking cloud engulfs the bog body.
The bog body appears unharmed.
You hear a roar! x2
The bog body completely misses you. The bog body misses you.
You now have 27/30 mp.
You closely miss the bog body. The bog body misses you.
You block the bog body's attack.
You impale the bog body!! You burn the bog body. You hit the bog body.
You burn the bog body. The bog body barely misses you.
You block the bog body's attack.
You impale the bog body!! You burn the bog body.
You destroy the bog body!
A swamp drake comes into view.
Okay, then.
Okay, then.
Okay, then.
Okay, then.
Aim: a thorn hunter (chance to defeat MR: 16%)
The thorn hunter resists with almost no effort.
You now have 26/30 mp.
Aim: a thorn hunter (chance to defeat MR: 16%)
The thorn hunter resists with almost no effort.
You now have 23/30 mp.
Aim: a thorn hunter (chance to defeat MR: 16%)
The thorn hunter resists with almost no effort.
The thorn hunter fires a volley of thorns at you.
The volley of thorns hits you!
A swamp drake comes into view.
You take 28 damage, and have 56/84 hp.
MASSIVE DAMAGE!!
You now have 21/30 mp.
Thorny briars emerge from the ground!
You enter the shallow water.
Moving in this stuff is going to be slow.
The thorn hunter fires a volley of thorns at you.
The volley of thorns hits you!
The thorn hunter fires a volley of thorns at you.
The volley of thorns misses you.
You take 16 damage, and have 41/84 hp.
The thorn hunter fires a volley of thorns at you.
The volley of thorns hits you!
Ouch! That really hurt!
You die...

*..≈....≈≈§≈.f,
*
♣.≈≈♣≈!≈♣≈≈..,*
>.≈♣≈≈..≈...♣ *
♣.≈PPk≈≈≈≈≈§♣ ≈
♣.≈PPf≈≈≈≈..
♣.≈PPP≈....♣
♣♣≈.PPP/≈≈♣.♣ *
♣.≈≈≈≈.≈.≈..♣
♣♣@≈≈≈.≈.≈..♣ *
* ♣.≈≈..≈≈..<♣
*, *
*♣..≈≈.!...♣♣ *
* ♣.≈..≈≈≈...♣
, *
♣♣≈≈≈......♣ ,
*** ♣:≈≈≈.≈♣≈≈♣
*, ,,,≈
≈......≈....♣
{≈ , ,
≈≈.≈§≈≈.≈...♣♣
,{≈ **
.....≈..♣≈≈.≈ *
≈


You could see a thorn hunter and a swamp drake.

Vanquished Creatures
  Louise (D:15)
  2 orc warlords
  A frost giant (D:15)
  Nessos (Lair:5)
  Snorg (Orc:2)
  7 hydras
  Erolcha (D:11)
  11 two-headed ogres
  2 centaur warriors
  2 alligators (Lair:4)
  6 death yaks
  A tengu warrior (D:13)
  4 orc high priests (Orc:2)
  The ghost of sagitran the Chopper, a novice DsAK of Lugonu (D:8)
  3 unseen horrors
  2 deep trolls
  A wizard (D:11)
  A swamp dragon (Lair:4)
  A necromancer (D:14)
  A lindwurm (Lair:5)
  6 orc knights
  6 orc sorcerers
  3 deep elf magi
  6 ugly things
  3 cyclopes
  3 elephants (Lair:6)
  4 centaur skeletons (D:14)
  Maurice (D:11)
  4 black mambas
  Joseph (D:10)
  8 spiny frogs
  2 torpor snails
  A gargoyle (D:10)
  2 rime drakes (Lair:1)
  A kobold demonologist (D:15)
  2 ice devils (IceCv)
  2 yaktaurs
  8 komodo dragons
  4 jumping spiders (Lair:2)
  A meliai (D:14)
  5 trolls
  A jumping spider (shapeshifter) (D:13)
  6 hornets
  2 polar bears (Lair:6)
  8 slime creatures
  10 dream sheep (Lair:6)
  12 blink frogs
  2 harpy skeletons (D:15)
  8 hippogriffs
  A bog body (Swamp:1)
  5 redbacks (Lair:2)
  2 shadows
  A wraith (D:15)
  3 wyverns
  13 spriggans (Lair:6)
  A vampire (D:9)
  30 yaks
  A water elemental (D:15)
  4 basilisks
  2 hungry ghosts
  4 vampire mosquitoes
  A soldier ant (D:9)
  13 water moccasins
  2 wargs (Orc:1)
  An acid dragon (D:15)
  5 porcupines
  A floating eye (D:11)
  A meliai simulacrum (D:15)
  5 sky beasts
  9 black bears
  2 ice beasts
  34 orc warriors
  4 phantoms
  3 necrophages
  13 centaurs
  14 ogres
  39 wolves
  5 boggarts (Lair:6)
  9 crocodiles
  3 big kobolds
  A gnoll sergeant (D:5)
  17 bullfrogs
  A wyvern zombie (D:9)
  2 wyvern skeletons
  8 scorpions
  2 killer bees (D:11)
  5 wights (D:11)
  8 electric eels
  A bullfrog zombie (D:6)
  10 crimson imps
  4 howler monkeys
  A quasit (D:10)
  8 jellies
  2 bullfrog skeletons (D:9)
  6 hounds
  13 orc priests
  A gnoll shaman (Orc:2)
  2 iguanas
  22 orc wizards
  10 worker ants
  A killer bee zombie (D:5)
  2 hound skeletons
  Robin (D:3)
  2 worker ant zombies
  19 gnolls
  16 adders
  4 shadow imps
  13 oozes (Sewer)
  2 adder zombies
  4 worms
  4 adder skeletons
  13 leopard geckos
  69 orcs
  13 giant cockroaches
  28 goblins
  14 hobgoblins
  24 jackals
  6 quokkas
  11 ball pythons
  6 bats
  19 frilled lizards
  27 kobolds
  3 quokka skeletons
  9 rats
837 creatures vanquished.

Vanquished Creatures (collateral kills)
  A wolf (Lair:2)
1 creature vanquished.

Vanquished Creatures (others)
  A scorpion (D:6)
  A giant cockroach (D:6)
  A bush (Lair:4)
  18 fungi
21 creatures vanquished.

Grand Total: 859 creatures vanquished

Notes
Turn   | Place    | Note
-------+----------+-------------------------------------------
     0 | D:1      | drasked the Spriggan Wizard began the quest for the Orb.
     0 | D:1      | Reached XP level 1. HP: 9/9 MP: 6/6
   348 | D:1      | Reached skill level 1 in Conjurations
   355 | D:1      | Reached XP level 2. HP: 13/13 MP: 1/8
  1210 | D:2      | Found a shimmering altar of Xom.
  1234 | D:2      | Reached XP level 3. HP: 16/16 MP: 6/10
  1575 | D:2      | Reached skill level 5 in Spellcasting
  1581 | D:2      | Found an opulent altar of Gozag.
  1590 | D:2      | Found a deep blue altar of Sif Muna.
  1648 | D:2      | Reached skill level 2 in Conjurations
  1712 | D:2      | Reached XP level 4. HP: 21/21 MP: 6/12
  1894 | D:2      | Found an ancient bone altar of Kikubaaqudgha.
  1894 | D:2      | Found a shadowy altar of Dithmenos.
  2260 | D:2      | Found a sparkling altar of Nemelex Xobeh.
  2643 | D:3      | Noticed Robin
  2762 | D:3      | Learned a level 2 spell: Blink
  2766 | D:3      | Learned a level 3 spell: Mephitic Cloud
  2770 | D:3      | Learned a level 3 spell: Conjure Flame
  2821 | D:3      | Killed Robin
  3014 | D:3      | Reached XP level 5. HP: 21/24 MP: 5/13
  3091 | D:3      | Found a glowing golden altar of the Shining One.
  3305 | D:3      | Reached skill level 3 in Conjurations
  4755 | D:5      | Entered Level 5 of the Dungeon
  4871 | D:5      | Found Usoosat's Armour Emporium.
  4872 | D:5      | Noticed a centaur
  4898 | D:5      | Killed a centaur
  4898 | D:5      | Reached skill level 6 in Spellcasting
  4898 | D:5      | Reached XP level 6. HP: 11/28 MP: 6/16
  5268 | D:5      | Bought a +0 buckler for 54 gold pieces
  5268 | D:5      | Bought a +0 cloak for 54 gold pieces
  5330 | D:5      | Found Asiskih's Weapon Boutique.
  5387 | D:5      | Reached skill level 1 in Short Blades
  5387 | D:5      | Reached skill level 1 in Air Magic
  5387 | D:5      | Reached skill level 1 in Poison Magic
  5495 | D:5      | Noticed a water moccasin
  5573 | D:5      | Noticed an ice beast
  5626 | D:5      | Killed a water moccasin
  5626 | D:5      | Reached skill level 4 in Stealth
  5626 | D:5      | Reached XP level 7. HP: 14/32 MP: 10/17
  5643 | D:5      | HP: 8/32 [poisoned by a water moccasin]
  5651 | D:5      | HP: 7/32 [poisoned by a water moccasin]
  6203 | D:5      | Found Fusown's Distillery.
  6634 | D:5      | Reached skill level 1 in Shields
  6831 | D:5      | Reached skill level 2 in Short Blades
  6831 | D:5      | Reached skill level 7 in Spellcasting
  6853 | D:5      | Reached skill level 5 in Stealth
  6975 | D:6      | Noticed Edmund
  7038 | D:6      | Found a shattered altar of Ashenzari.
  7059 | D:6      | Found a stormy altar of Qazlal.
  7092 | D:6      | Found a glowing drain.
  7120 | D:6      | Reached XP level 8. HP: 36/36 MP: 4/20
  7169 | Sewer    | Entered a sewer
  7217 | Sewer    | Reached skill level 2 in Shields
  7611 | Sewer    | Reached skill level 3 in Short Blades
  8034 | Sewer    | Reached skill level 6 in Stealth
  8499 | D:6      | You fall through a shaft for 3 floors!
  8611 | D:9      | Got a pitted quarterstaff
  8634 | D:9      | Reached skill level 3 in Shields
  8640 | D:9      | Reached skill level 4 in Short Blades
  8640 | D:9      | Reached skill level 7 in Stealth
  8644 | D:9      | Noticed a deep elf mage
  8644 | D:9      | Noticed a raiju
  8644 | D:9      | Noticed a freezing wraith
  8923 | D:7      | Found a radiant altar of Vehumet.
  9152 | D:7      | Found a staircase to the Ecumenical Temple.
  9157 | Temple   | Entered the Ecumenical Temple
  9869 | D:6      | Became a worshipper of Ashenzari the Shackled
 10060 | D:7      | Reached skill level 8 in Stealth
 10142 | D:7      | Reached skill level 5 in Short Blades
 10249 | D:7      | Reached XP level 9. HP: 26/39 MP: 9/21
 10703 | D:7      | Reached skill level 4 in Shields
 10741 | D:7      | Reached skill level 9 in Stealth
 10809 | D:8      | Noticed sagitran's ghost (novice DsAK)
 10825 | D:8      | Killed sagitran's ghost
 10825 | D:8      | Reached skill level 10 in Stealth
 10825 | D:8      | Reached skill level 2 in Air Magic
 10825 | D:8      | Reached skill level 2 in Poison Magic
 10976 | D:8      | Found a hide-covered altar of Uskayaw.
 10988 | D:8      | Noticed a two-headed ogre
 10991 | D:8      | Killed a two-headed ogre
 10991 | D:8      | Reached skill level 3 in Air Magic
 10991 | D:8      | Reached skill level 4 in Poison Magic
 11025 | D:8      | Reached skill level 11 in Stealth
 11027 | D:8      | Reached skill level 4 in Conjurations
 11603 | D:8      | Reached * piety under Ashenzari
 12048 | D:9      | Noticed a two-headed ogre
 12064 | D:9      | Reached XP level 10. HP: 23/44 MP: 10/22
 12433 | D:9      | Reached skill level 12 in Stealth
 12485 | D:9      | Killed a two-headed ogre
 12485 | D:9      | Reached skill level 1 in Fighting
 12485 | D:9      | Reached skill level 5 in Conjurations
 12487 | D:9      | Reached skill level 4 in Dodging
 13002 | D:9      | Found a bloodstained altar of Trog.
 13048 | D:9      | Reached skill level 2 in Fighting
 13136 | D:9      | Reached skill level 5 in Dodging
 13569 | D:9      | Reached skill level 13 in Stealth
 13645 | D:9      | Reached skill level 6 in Dodging
 13735 | D:9      | Reached skill level 3 in Fighting
 13757 | D:9      | Identified the +4 scale mail of Truth {Int+4}
 13762 | D:9      | Noticed a water nymph
 13763 | D:9      | Noticed an anaconda
 13763 | D:9      | a water nymph changed into an anaconda
 13769 | D:9      | Noticed a deep elf mage
 14055 | D:9      | Killed a deep elf mage
 14055 | D:9      | Identified the amulet "Elijazou" {RegenMP *Corrode rElec rN+++} (You took it off a deep elf mage on level 9 of the Dungeon)
 14233 | D:9      | Reached XP level 11. HP: 52/52 MP: 7/23
 14283 | D:9      | Identified a scroll of acquirement
 14446 | D:9      | Got the rapier "Ratiog" {flame, rC+ Str+5}
 14450 | D:9      | Identified the +10 rapier "Ratiog" {flame, rC+ Str+5} (You took it off an orc wizard on level 9 of the Dungeon)
 14468 | D:9      | Identified the +3 ring mail of a Thousand Suns {+Blink}
 14484 | D:9      | Killed a deep elf mage
 14484 | D:9      | Identified the amulet of the Burgomaster {+Blink rElec Regen+ Str+5} (You took it off a deep elf mage on level 9 of the Dungeon)
 14484 | D:9      | Reached skill level 6 in Conjurations
 14567 | D:9      | Reached skill level 7 in Dodging
 14802 | D:10     | Entered Level 10 of the Dungeon
 14851 | D:10     | Found a flagged portal.
 14864 | Bailey   | Entered a bailey
 14869 | Bailey   | Noticed an orc warlord
 14929 | Bailey   | Noticed an orc knight
 14952 | Bailey   | Killed an orc knight
 15025 | Bailey   | Found a runed gate.
 15028 | Bailey   | Found a runed gate.
 15030 | Bailey   | Found a runed gate.
 15176 | Bailey   | Killed an orc warlord
 15176 | Bailey   | Reached skill level 4 in Fighting
 15176 | Bailey   | Reached skill level 14 in Stealth
 15243 | Bailey   | Reached skill level 8 in Fighting
 15243 | Bailey   | Reached XP level 12. HP: 65/65 MP: 24/24
 15271 | D:10     | Reached skill level 8 in Dodging
 15354 | D:10     | Noticed Joseph
 15598 | D:10     | Found a staircase to the Lair.
 16112 | D:10     | Reached skill level 9 in Dodging
 16127 | D:10     | Found a staircase to the Orcish Mines.
 16512 | D:10     | drasked: ??joseph
 16512 | D:10     | beem: joseph[1/2]: Looks like a mercenary. He is generated with a quarterstaff, a sling, and sling bullets of pure pain.
 16512 | D:10     | drasked: @??joseph
 16512 | D:10     | beem: Joseph (@)
                  | Spd:
    10 | HD: 6    | HP: 54-75
                  | AC/EV: 4/9
                  | Dam: 15
                  | weapons, items, doors, fighter, archer
                  | Res: magic(40)
                  | XP:
   451 | Sz: Medium | Int: human.
 16519 | D:10     | Killed Joseph
 16659 | Lair:1   | Entered Level 1 of the Lair of Beasts
 16683 | Lair:1   | Reached skill level 10 in Dodging
 16688 | Lair:1   | Found a frozen archway.
 16719 | IceCv    | Entered an ice cave
 16719 | IceCv    | Reached ** piety under Ashenzari
 16990 | IceCv    | Reached skill level 6 in Short Blades
 17987 | Lair:1   | Identified the +5 quarterstaff of Incongruity {vamp, Str+4} (You found it on level 9 of the Dungeon)
 18015 | Lair:2   | Noticed a seven-headed hydra
 18195 | Lair:1   | Killed a seven-headed hydra
 18195 | Lair:1   | Reached skill level 11 in Dodging
 18286 | Lair:1   | Reached skill level 7 in Short Blades
 18851 | Lair:2   | Reached skill level 12 in Dodging
 18904 | Lair:2   | Reached skill level 8 in Short Blades
 18904 | Lair:2   | Reached XP level 13. HP: 50/69 MP: 18/25
 19336 | Lair:2   | Noticed Urug
 19369 | Lair:2   | HP: 9/69 [Urug/enchanted great sword (33)]
 20096 | Lair:2   | Found a hole to the Spider Nest.
 20318 | Lair:3   | Reached skill level 13 in Dodging
 20321 | Lair:3   | Reached skill level 9 in Short Blades
 20361 | Lair:3   | Found a staircase to the Swamp.
 20507 | Lair:3   | Reached *** piety under Ashenzari
 21271 | Lair:4   | Reached skill level 9 in Fighting
 21642 | Lair:4   | Reached skill level 14 in Dodging
 21784 | Lair:4   | Identified the +6 scale mail of Ytaciun {rC+}
 21929 | Lair:4   | Reached skill level 10 in Short Blades
 22332 | Lair:5   | Noticed Nessos
 22364 | Lair:5   | Killed Nessos
 23116 | Lair:5   | Found a runed door.
 23220 | Lair:5   | Found a shattered altar of Ashenzari.
 23450 | Lair:5   | Reached **** piety under Ashenzari
 23456 | Lair:5   | Reached skill level 10 in Fighting
 23456 | Lair:5   | Reached XP level 14. HP: 77/77 MP: 26/26
 23505 | Lair:6   | Entered Level 6 of the Lair of Beasts
 23619 | Lair:6   | Reached skill level 11 in Short Blades
 23659 | Lair:6   | Reached skill level 15 in Dodging
 24500 | Lair:6   | Found a staircase to the Slime Pits.
 24813 | Lair:6   | Reached skill level 12 in Short Blades
 24958 | Lair:6   | Reached skill level 16 in Dodging
 25209 | Orc:1    | Entered Level 1 of the Orcish Mines
 25706 | Orc:2    | Entered Level 2 of the Orcish Mines
 25709 | Orc:2    | Noticed Snorg
 25721 | Orc:2    | Killed Snorg
 25813 | Orc:2    | Reached skill level 11 in Fighting
 25814 | Orc:2    | Found Toaxuupn's General Store.
 25860 | Orc:2    | Bought a royal jelly for 26 gold pieces
 25860 | Orc:2    | Bought a bread ration for 65 gold pieces
 25860 | Orc:2    | Bought a bread ration for 65 gold pieces
 25871 | Orc:2    | Reached ***** piety under Ashenzari
 25871 | Orc:2    | Found a staircase to the Elven Halls.
 25928 | Orc:2    | Noticed an orc warlord
 26329 | Orc:2    | Killed an orc warlord
 26329 | Orc:2    | Reached skill level 15 in Stealth
 26704 | Orc:2    | Found a roughly hewn altar of Beogh.
 26863 | Orc:2    | Found Xaonkaol's Antique Weapon Shop.
 26933 | Orc:2    | Found Wousub's Antique Armour Shoppe.
 26952 | Orc:2    | Found a bloodstained altar of Trog.
 27097 | Orc:2    | Reached XP level 15. HP: 81/83 MP: 23/27
 27122 | Orc:2    | Found Zicwidej's Book Boutique.
 27310 | Orc:2    | Bought a book of Burglary for 975 gold pieces
 27310 | Orc:2    | Bought a book of Maledictions for 325 gold pieces
 27314 | Orc:2    | Learned a level 3 spell: Confuse
 27321 | Orc:2    | Learned a level 6 spell: Invisibility
 27475 | D:11     | Reached skill level 1 in Hexes
 27531 | D:11     | Reached skill level 2 in Hexes
 27709 | D:11     | Reached skill level 3 in Hexes
 27755 | D:11     | Noticed Maurice
 27772 | D:11     | Killed Maurice
 27772 | D:11     | Reached skill level 4 in Hexes
 27860 | D:11     | Noticed Erolcha
 27867 | D:11     | Killed Erolcha
 27867 | D:11     | Reached skill level 5 in Hexes
 27964 | D:11     | Reached skill level 6 in Hexes
 28394 | D:11     | Learned a level 2 spell: Ensorcelled Hibernation
 28399 | D:11     | Learned a level 4 spell: Passage of Golubria
 28874 | D:12     | Reached skill level 7 in Hexes
 29090 | D:13     | Reached skill level 8 in Spellcasting
 29386 | D:13     | Identified the +8 spear "Beastbane" {antimagic, Stlth+}
 29610 | D:13     | Identified the cursed ring of Vyugiugogg {rF- rC++ rN+} (You acquired it on level 13 of the Dungeon)
 29662 | D:14     | Reached skill level 8 in Hexes
 29753 | D:14     | Reached skill level 9 in Spellcasting
 30214 | D:14     | Found a blossoming altar of Fedhas.
 30294 | D:14     | Reached skill level 9 in Hexes
 30400 | D:14     | Found a gate to the Vaults.
 30723 | D:15     | Entered Level 15 of the Dungeon
 30748 | D:15     | Reached skill level 10 in Spellcasting
 30792 | D:15     | Noticed Louise
 30811 | D:15     | Reached ****** piety under Ashenzari
 30876 | D:15     | Killed Louise
 31310 | D:15     | Learned a level 6 spell: Darkness
 31377 | D:15     | Found a staircase to the Depths.
 31377 | D:15     | Noticed a frost giant
 31380 | D:15     | Killed a frost giant
 31935 | Swamp:1  | Entered Level 1 of the Swamp
 31943 | Swamp:1  | Noticed a thorn hunter
 31958 | Swamp:1  | Killed from afar by a thorn hunter

Vault maps used:
D:1:      saegor_arrival_simple_c
D:2:      xom_butterflies, gammafunk_temple_overflow_statue,
          amethyst_overflow_temple_binary, nemelex_lonely_heart_becter
D:3:      old_standard_altar, uniq_robin
D:4:      first_bread
D:5:      serial_shops, shop, nicolae_shop_statue_plus, nicolae_shop_stone
D:6:      cheibrodos_quashed, ashenzari_conservatory_becter,
          gup_sewer_entry_glass, nicolae_qazlal_eye_of_the_storm, uniq_edmund
D:7:      minmay_temple_entry_nine_rooms, basic_altar
D:8:      kennysheep_little_box
D:9:      minmay_the_grid_square_5x5_3x3, hangedman_pestilent_swarm,
          trog_ov_bears_minmay
D:10:     erik_lair_island, enter_bailey_3, uniq_joseph
D:11:     cheibrodos_wizards_tower, onia_ninara_cookie, uniq_erolcha,
          uniq_maurice
D:12:     lightli_corner_chamber
D:14:     david_vaults_1, basic_altar, kennysheep_small_spiral,
          minmay_hollow_rounded_squares
D:15:     grunt_enter_depths_snipers, uniq_louise
Temple:   eino_temple_water
Lair:1:   portal_ice_cave_rime
Lair:2:   nicolae_spider_entry_tight_spaces, st_stairs_6, serial_bayou_shore_b,
          serial_bayou_shore_b, grunt_megastairs_3, uniq_erica, uniq_urug
Lair:3:   swamp_mist_pool, grunt_megastairs_2, lemuel_fruit_tree
Lair:4:   onia_ninara_swampy_vault
Lair:5:   basic_altar, pf_torpor_hydra, uniq_nessos
Lair:6:   minmay_lair_end_enchanted_forest, minmay_slime_entry_pillars
Swamp:1:  wheals_swamp_sinkhole
Orc:2:    grunt_orc_gardens, grunt_orc_garden, grunt_orc_garden,
          grunt_orc_garden, grunt_orc_garden, basic_altar, mines1_david,
          uniq_snorg
Sewer:    sewer_frog_island_02
Bailey:   bailey_axe_bossmonster_kennysheep, bailey
IceCv:    ice_cave_tombish

Skill      XL: |  1  2  3  4  5  6  7  8  9 10 11 12 13 14 15 |
---------------+----------------------------------------------+-----
Conjurations   | 1 2 3 4 5 6 |  6.3
Spellcasting   | 5 6 7 10 | 10.2
Short Blades   | 1 2 5 8 10 12 | 12.1
Air Magic      | 1 3 |  3.6
Poison Magic   | 1 4 |  4.0
Stealth        | 4 5 8 11 13 14 15 | 15.6
Shields        | 1 3 4 |  4.0
Fighting       | 3 8 10 11 | 11.7
Dodging        | 6 7 12 14 16 | 16.6
Hexes          | 9 |  9.7
Summonings     | |  0.7
Translocations | |  1.5

Action                   |  1- 3 |  4- 6 |  7- 9 | 10-12 | 13-15 || total
-------------------------+-------+-------+-------+-------+-------++-------
Melee: Dagger            |       |    66 |   169 |   103 |       ||   338
       Rapier            |       |       |       |   191 |   898 ||  1089
 Cast: Magic Dart        |   105 |   180 |   297 |   260 |   156 ||   998
       Mephitic Cloud    |       |     9 |    58 |   113 |   285 ||   465
       Conjure Flame     |       |     3 |    16 |    11 |    51 ||    81
       Blink             |       |       |     1 |       |     5 ||     6
       Confuse           |       |       |       |       |     9 ||     9
       Ensorcelled Hiber |       |       |       |       |     3 ||     3
       Darkness          |       |       |       |       |     1 ||     1
Invok: Curse Item        |       |       |     3 |     2 |     2 ||     7
  Use: Scroll            |     2 |     1 |     7 |    10 |    11 ||    31
       Potion            |       |       |       |     1 |     6 ||     7
 Stab: Sleeping          |       |     2 |    15 |    11 |    36 ||    64
       Confused          |       |     4 |    22 |    45 |   173 ||   244
       Distracted        |       |       |     1 |     1 |     1 ||     3
  Eat: Bread ration      |       |     1 |       |       |       ||     1
       Royal jelly       |       |       |     1 |     2 |     2 ||     5
       Fruit             |       |       |       |     6 |    11 ||    17
Armor: Robe              |     1 |     3 |    23 |    13 |    11 ||    51
Dodge: Dodged            |     6 |    42 |   105 |   168 |   338 ||   659
Block: Buckler           |       |       |     1 |    61 |   169 ||   231

Vault maps used:
D:1:      saegor_arrival_simple_c
D:2:      xom_butterflies, gammafunk_temple_overflow_statue,
          amethyst_overflow_temple_binary, nemelex_lonely_heart_becter
D:3:      old_standard_altar, uniq_robin
D:4:      first_bread
D:5:      serial_shops, shop, nicolae_shop_statue_plus, nicolae_shop_stone
D:6:      cheibrodos_quashed, ashenzari_conservatory_becter,
          gup_sewer_entry_glass, nicolae_qazlal_eye_of_the_storm, uniq_edmund
D:7:      minmay_temple_entry_nine_rooms, basic_altar
D:8:      kennysheep_little_box
D:9:      minmay_the_grid_square_5x5_3x3, hangedman_pestilent_swarm,
          trog_ov_bears_minmay
D:10:     erik_lair_island, enter_bailey_3, uniq_joseph
D:11:     cheibrodos_wizards_tower, onia_ninara_cookie, uniq_erolcha,
          uniq_maurice
D:12:     lightli_corner_chamber
D:14:     david_vaults_1, basic_altar, kennysheep_small_spiral,
          minmay_hollow_rounded_squares
D:15:     grunt_enter_depths_snipers, uniq_louise
Temple:   eino_temple_water
Lair:1:   portal_ice_cave_rime
Lair:2:   nicolae_spider_entry_tight_spaces, st_stairs_6, serial_bayou_shore_b,
          serial_bayou_shore_b, grunt_megastairs_3, uniq_erica, uniq_urug
Lair:3:   swamp_mist_pool, grunt_megastairs_2, lemuel_fruit_tree
Lair:4:   onia_ninara_swampy_vault
Lair:5:   basic_altar, pf_torpor_hydra, uniq_nessos
Lair:6:   minmay_lair_end_enchanted_forest, minmay_slime_entry_pillars
Swamp:1:  wheals_swamp_sinkhole
Orc:2:    grunt_orc_gardens, grunt_orc_garden, grunt_orc_garden,
          grunt_orc_garden, grunt_orc_garden, basic_altar, mines1_david,
          uniq_snorg
Sewer:    sewer_frog_island_02
Bailey:   bailey_axe_bossmonster_kennysheep, bailey
IceCv:    ice_cave_tombish

Table legend:
 A = Turns spent in this place as a percentage of turns spent in the entire game.
 B = Non-inter-level travel turns spent in this place as a percentage of non-inter-level travel turns spent in the entire game.
 C = Inter-level travel turns spent in this place as a percentage of turns spent in this place.
 D = Turns resting spent in this place as a percentage of non-inter-level travel turns spent in this place.
 E = Turns spent auto-exploring this place as a percentage of non-inter-level travel turns spent in this place.
 F = Non-inter-level travel turns spent in this place divided by the number of levels of this place that you've seen.
                   A       B       C       D       E      F
               +-------+-------+-------+-------+-------+----------------------
         Total | 100.0 | 100.0 |   0.5 |   2.5 |   7.1 | 416.1
       Dungeon |  58.4 |  58.4 |   0.6 |   3.1 |   7.5 | 453.6
        Temple |   1.8 |   1.8 |   1.4 |   0.0 |   5.7 | 209.0
          Lair |  24.2 |  24.2 |   0.3 |   1.2 |   6.1 | 470.8
         Swamp |   0.2 |   0.2 |   0.0 |   0.0 |   0.0 |  27.0
  Orcish Mines |   8.4 |   8.4 |   0.8 |   1.5 |   9.2 | 489.5
         Sewer |   2.7 |   2.7 |   0.0 |   7.5 |   9.7 | 319.0
        Bailey |   3.4 |   3.4 |   0.0 |   1.0 |   1.2 | 400.0
      Ice Cave |   0.8 |   0.8 |   0.0 |   4.5 |   1.1 |  89.0
               +-------+-------+-------+-------+-------+----------------------

Table legend:
 A = Kills in this place as a percentage of kills in entire the game.
 B = Kills by you in this place as a percentage of kills by you in the entire game.
 C = Kills by friends in this place as a percentage of kills by friends in the entire game.
 D = Other kills in this place as a percentage of other kills in the entire game.
 E = Experience gained in this place as a percentage of experience gained in the entire game.
 F = Experience gained in this place divided by the number of levels of this place that you have seen.
                   A       B       C       D       E      F
               +-------+-------+-------+-------+-------+----------------------
         Total | 100.0 | 100.0 | 100.0 | 100.0 | 100.0 | 4701.9
       Dungeon |  51.3 |  51.7 |   0.0 |  44.4 |  42.3 | 3710.7
          Lair |  25.3 |  25.5 | 100.0 |  19.4 |  41.0 | 9005.3
         Swamp |   0.1 |   0.1 |   0.0 |   0.0 |   0.2 | 253.0
  Orcish Mines |  13.5 |  13.1 |   0.0 |  22.2 |  14.1 | 9251.0
         Sewer |   6.3 |   6.6 |   0.0 |   0.0 |   0.2 | 253.0
        Bailey |   3.2 |   2.7 |   0.0 |  13.9 |   1.7 | 2264.0
      Ice Cave |   0.2 |   0.2 |   0.0 |   0.0 |   0.5 | 688.0
               +-------+-------+-------+-------+-------+----------------------
